 Dungeon Crawl Stone Soup version 0.26.0-16-gc1dbca0489 (webtiles) character file.

Game seed: 6445573530895860222

44 BOMJPIETVODKU the Ruffian (level 3, -6/29 HPs)
             Began as a Draconian Transmuter on Jan 19, 2021.
             Mangled by an orc
             ... wielding a +0 flail
              (10 damage)
             ... on level 2 of the Dungeon.
             The game lasted 00:07:29 (1683 turns).

BOMJPIETVODKU the Ruffian (Draconian Transmuter)    Turns: 1683, Time: 00:07:30

Health: -6/29      AC:  6    Str: 12    XL:     3   Next: 39%
Magic:  6/6        EV: 12    Int: 14    God:
Gold:   129        SH:  0    Dex: 11    Spells: 5/6 levels left

rFire    . . .     SeeInvis .     - Unarmed
rCold    + . .     Faith    .   (no shield)
rNeg     . . .     Spirit   .   (armour unavailable)
rPois    .         Reflect  .   (helmet restricted)
rElec    .         Harm     .   f - +0 cloak
rCorr    .         Rampage  .   (no gloves)
Will     .....                  (no boots)
Stlth    +.........             (no amulet)
HPRegen  0.09/turn              a - ring of protection from cold
MPRegen  0.10/turn              (no ring)

@: no status effects
A: unfitting armour, cold-blooded, AC +5
a: no special abilities


You were on level 2 of the Dungeon.
You visited 1 branch of the dungeon, and saw 3 of its levels.

You collected 129 gold pieces.

Inventory:

Armour
 f - a +0 cloak (worn)
Magical Staves
 j - an uncursed staff of poison
Jewellery
 a - a ring of protection from cold (left hand)
 k - a cursed -4 ring of protection
Scrolls
 b - a scroll of remove curse {unknown}
 d - 4 scrolls of identify
 e - 2 scrolls of amnesia {unknown}
 i - a scroll of teleportation {unknown}
 n - a scroll of enchant armour {unknown}
Potions
 c - a potion of ambrosia {unknown}
 g - a potion of curing {unknown}
 h - a potion of haste {unknown}
 l - 2 potions of degeneration {unknown}
 m - a potion of resistance {unknown}


   Skills:
 * Level 1.8 Fighting
 + Level 2.2 Dodging
 + Level 3.5 Unarmed Combat
 + Level 2.3 Spellcasting
 + Level 2.2 Transmutations


You had 5 spell levels left.
You knew the following spells:

 Your Spells              Type           Power        Failure   Level
a - Beastly Appendage     Tmut           14%          10%         1

Your spell library contained the following spells:

 Spells                   Type           Power        Failure   Level
 Wereblood                Tmut           7%           14%         2
 Spider Form              Tmut/Pois      2%           41%         3
 Ice Form                 Ice/Tmut       4%           82%         4
 Blade Hands              Tmut           3%           95%         5


Dungeon Overview and Level Annotations

Branches:
Dungeon (3/15)

Altars:
Wu Jian


Innate Abilities, Weirdness & Mutations

Your plain brown scales are hard. (AC +5)
You cannot fit into any form of body armour.
You are cold-blooded and may be slowed by cold attacks.


Message History

You closely miss the orc. Your kick misses the orc.
Your headbutt misses the orc. The orc hits you.
You closely miss the orc. The orc hits you.
You hit the orc. You claw the orc.
You kill the orc!
You hit the orc but do no damage.
You tail-slap the orc, but do no damage.
Your horns disappear.
Your talons disappear.
The orc hits you with a +0 flail.
* * * LOW HITPOINT WARNING * * *
You hit the orc.
The orc is moderately wounded.
You hit the orc.
The orc is heavily wounded.
The orc hits you with a +0 flail.
* * * LOW HITPOINT WARNING * * *
You hit the orc but do no damage. You punch the orc, but do no damage.
The orc is heavily wounded.
The orc hits you with a +0 flail!
You die...

#.# #.##.#........#.### #^#
#....##.#######.# #.# ###.......#
#.# #.# #.###.#.# #.#
#.#####.###...# #.#
#.............# #.#####
#######.####.## #.....#
##############.####.##########.#
................@o...........#.#
##############.###...#######.#.#
######.........####..## #.#.#
........[.......# #...# #.#.#
........###.###.# #...# #.#.#
.....>..# #.# #.# ##..## #.#.#
........###'###.####...#####.#.#
........###_'..................#
........###'###..###.#..####.####


You could see an orc.

Vanquished Creatures
  An adder (D:2)
  A dart slug (D:2)
  2 leopard geckos (D:2)
  An orc (D:2)
  3 giant cockroaches
  4 hobgoblins
  4 kobolds (D:1)
  2 bats (D:1)
  A frilled lizard (D:2)
  4 goblins
  6 rats
29 creatures vanquished.

Notes
Turn   | Place    | Note
-------+----------+-------------------------------------------
     0 | D:1      | BOMJPIETVODKU the Draconian Transmuter began the quest for
                  | the Orb.
     0 | D:1      | Reached XP level 1. HP: 16/16 MP: 3/3
   177 | D:1      | Reached XP level 2. HP: 19/23 MP: 3/5
   820 | D:2      | Reached XP level 3. HP: 26/29 MP: 6/6
  1367 | D:2      | Found an ornate altar of the Wu Jian Council.
  1683 | D:2      | Mangled by an orc

Illustrated notes

Levels and vault maps discovered:
D:1:      dpeg_arrival_tiny_c, layout_rooms
D:2:      layout_basic, lemuel_doored_altar, serial_rivers,
          chequers_serial_rivers_small_3, chequers_serial_rivers_room_b,
          chequers_serial_rivers_micro_b, chequers_serial_rivers_room_b
D:3:      layout_basic, gammafunk_temple_overflow_elements,
          gammafunk_ghost_cemetery

Skill      XL: |  1  2 |
---------------+-------+-----
Dodging        | 2 |  2.2
Fighting       | |  1.8
Unarmed Combat | |  3.5
Spellcasting   | |  2.3
Transmutations | |  2.2

Action                   || total
-------------------------++-------
Melee: Unarmed           ||   112
       Headbutt          ||     4
       Kick              ||     5
       Tailslap          ||     9
       Punch             ||     2
 Cast: Beastly Appendage ||     8
  Use: Scroll            ||     2
Armor: Skin              ||    43
Dodge: Dodged            ||    69
